 Dungeon Crawl Stone Soup version 0.29.1-2-gbd0b4ee654 (webtiles) character file.

Game seed: 9323076409678314828

9 jamestheduck25 the Ducker (level 2, 0/14 HPs)
             Began as a Felid Berserker on Nov 16, 2022.
             Was a Follower of Trog.
             Slain by a kobold
             ... wielding a +0 club
              (3 damage)
             ... on level 1 of the Dungeon.
             The game lasted 00:00:11 (57 turns).

jamestheduck25 the Ducker (Felid Berserker)           Turns: 57, Time: 00:00:11

Health: 0/14       AC:  1    Str: 13    XL:     2   Next: 3%
Magic:  3/3        EV: 18    Int:  8    God:    Trog [*.....]
Gold:   14         SH:  0    Dex: 15    Spells: 1/1 levels left
                                        Lives:  0   Deaths: 0

rFire   . . .      SeeInvis +     - Unarmed
rCold   . . .      Faith    .   (shield unavailable)
rNeg    . . .      Spirit   .   (body armour unavailable)
rPois   .          Reflect  .   (helmet unavailable)
rElec   .          Harm     .   (cloak unavailable)
rCorr   .          Rampage  .   (gloves unavailable)
Will    .....                   (boots unavailable)
Stlth   +.........              (no amulet)
HPRegen 0.04/turn               (no ring)
MPRegen 0.08/turn               (no ring)

@: quick
A: very small, claws 1, fangs 3, see invisible, speed 1, shaggy fur 1, stealthy
paws, no weapons or thrown items, no armour, multi-lived
a: Renounce Religion, Berserk


You were on level 1 of the Dungeon.
You worshipped Trog.
Trog was aware of your devotion.
You visited 1 branch of the dungeon, and saw 1 of its levels.

You collected 14 gold pieces.

Inventory:

Scrolls
 b - a scroll of enchant armour {unknown}
Potions
 a - a potion of lignification {unknown}


   Skills:
 + Level 3.1 Fighting
 + Level 4.3 Dodging
 + Level 3.2 Unarmed Combat


You had one spell level left.
You didn't know any spells.
Your spell library was empty.

Dungeon Overview and Level Annotations

Branches:
Dungeon (1/15)

Altars:

Annotations:
D:1 1 runed translucent door


Innate Abilities, Weirdness & Mutations

You have sharp claws.
You have razor-sharp teeth.
You have supernaturally acute eyesight. (SInv)
You cover ground quickly. (Speed+)
You are covered in fur. (AC +1)
Your paws help you pounce on unaware monsters.
You are incapable of wielding weapons or throwing items.
You cannot wear armour.
You gain extra lives every three experience levels.


Message History

The hobgoblin completely misses you.
There are monsters nearby!
You are too injured to fight recklessly!
There are monsters nearby!
You are too injured to fight recklessly!
There are monsters nearby!
You are too injured to fight recklessly!
There are monsters nearby!
You are too injured to fight recklessly!
There are monsters nearby!
You are too injured to fight recklessly!
There are monsters nearby!
You are too injured to fight recklessly!
There are monsters nearby!
You are too injured to fight recklessly!
You closely miss the hobgoblin.
The hobgoblin hits you but does no damage.
The kobold hits you with a +0 club.
You scratch the hobgoblin. You bite the hobgoblin.
You kill the hobgoblin!
Trog accepts your kill.
You barely miss the dart slug. The kobold barely misses you.
The dart slug bites you.
* * * LOW HITPOINT WARNING * * *
You scratch the dart slug.
The dart slug is heavily wounded.
The kobold hits you with a +0 club.
* * * LOW HITPOINT WARNING * * *
You scratch the dart slug.
The dart slug is severely wounded.
The kobold misses you. The dart slug closely misses you.
You scratch the dart slug.
You kill the dart slug!
Trog accepts your kill. The kobold misses you.
You have reached level 2!
You scratch the kobold. Your bite misses the kobold.
The kobold is moderately wounded.
The kobold hits you with a +0 club.
You die...

#......> ###### #.......
.#..... ###.......
....... ###.........
....... ..........
....... #.......
......†####...###
......K@..†.....########
##......................
####.###..######.#####.
...................+
##############...####. #
......... #...).... #J
.....$.. #..######
#w....JrJJ. #..##
#######+#######...###


You could see a kobold.

Vanquished Creatures
  2 dart slugs (D:1)
  A hobgoblin (D:1)
  A frilled lizard (D:1)
  2 rats (D:1)
6 creatures vanquished.

Notes
Turn   | Place    | Note
-------+----------+-------------------------------------------
     0 | D:1      | jamestheduck25 the Felid Berserker began the quest for the
                  | Orb.
     0 | D:1      | Reached XP level 1. HP: 10/10 MP: 2/2
     0 | D:1      | Noticed a jelly
     1 | D:1      | Found a runed translucent door.
    57 | D:1      | Reached XP level 2. HP: 3/14 MP: 3/3
    57 | D:1      | Slain by a kobold

Illustrated notes

Levels and vault maps discovered:
D:1:      dpeg_arrival_caged_fury, layout_basic,
          shapermc_ecumenical_altar_totnotflames, serial_shops,
          nicolae_lakefront_shop

Action                   || total
-------------------------++-------
Melee: Unarmed           ||    15
       Bite              ||     2
Armor: Skin              ||     1
Dodge: Dodged            ||    11
